 Dungeon Crawl Stone Soup version 0.19.0-2-gae57169 (webtiles) character file.

5544 Garfong the Grappler (level 10, -3/96 HPs)
             Began as a Troll Monk on Nov 6, 2016.
             Was a Priest of Hepliaklqana.
             Slain by a hill giant
             ... wielding a +0 giant spiked club
              (12 damage)
             ... on level 10 of the Dungeon.
             The game lasted 00:30:02 (7817 turns).

Garfong the Grappler (Troll Monk)                   Turns: 7817, Time: 00:30:02

Health: -3/96      AC:  5    Str: 21    XL:     10   Next: 43%
Magic:  7/9        EV: 14    Int: 10    God:    Hepliaklqana [***...]
Gold:   158        SH:  6    Dex: 15    Spells: 0 memorised, 9 levels left

rFire  . . .     SeeInvis .       - Unarmed
rCold  . . .     Gourm    +     Y - +0 robe (curse)
rNeg   . . .     Faith    .     (no shield)
rPois  +         Spirit   .     (helmet restricted)
rElec  .         Reflect  +     (no cloak)
rCorr  .         Harm     .     (gloves unavailable)
MR     .....                    (boots unavailable)
Stlth  +++.......               A - +6 amulet of reflection
                                V - ring of Caonarcho {rPois Int+4}
                                u - ring of stealth

@: no status effects
A: unfitting armour, reduced essence, claws 3, fast metabolism 3, gourmand,
regeneration 1, shaggy fur 1, tough skin 2
a: Recall Ancestor, Ancestor Identity, Transference, Renounce Religion


You were on level 10 of the Dungeon.
You worshipped Hepliaklqana.
Hepliaklqana was most pleased with you.
You were very full.

You visited 2 branches of the dungeon, and saw 11 of its levels.
You also visited: Ossuary.

You collected 724 gold pieces.
You spent 566 gold pieces at shops.

Inventory:

Hand Weapons
 r - a +0 blowgun
 J - the +8 rapier of the Three Wonders {pierce, rPois rF+, unknown}
   (You found it on level 5 of the Dungeon)

   It inflicts extra damage upon your enemies.
   It protects you from fire.
   It protects you from poison.
Missiles
 k - 11 curare-tipped needles
 o - 44 poisoned needles
 y - a throwing net (quivered)
 B - 12 tomahawks
Armour
 Y - a cursed +0 robe (worn)
Jewellery
 u - a ring of stealth (left claw)
 A - a +6 amulet of reflection (around neck)
 P - an uncursed amulet of rage {unknown}
 V - the ring of Caonarcho (right claw) {rPois Int+4}
   (You bought it in a shop on level 9 of the Dungeon)

   [ring of poison resistance]

   It affects your intelligence (+4).
   It protects you from poison.
Wands
 x - a wand of heal wounds (6/9)
 K - a wand of acid (9/15)
 R - a wand of iceblast (7/15)
 U - a wand of flame (15/48)
 Z - a wand of disintegration (16/24)
Scrolls
 d - a scroll of immolation
 e - 7 scrolls of remove curse
 h - a scroll of enchant armour {unknown}
 i - a scroll of fog {unknown}
 n - a scroll of random uselessness {unknown}
 q - 3 scrolls of amnesia
 v - a scroll of teleportation
 F - a scroll of holy word {unknown}
 H - a scroll of noise {unknown}
 I - a scroll of enchant weapon {unknown}
 L - a scroll of fear {unknown}
 N - a scroll of blinking
 Q - a scroll of recharging {unknown}
 T - a scroll of identify
 W - 2 scrolls of magic mapping {unknown}
Potions
 a - a potion of heal wounds {unknown}
 f - 5 potions of lignification
 g - a potion of cure mutation
 j - 5 potions of agility
 m - a potion of invisibility
 p - 9 potions of curing
 s - 2 potions of haste {unknown}
 w - a potion of might {unknown}
 z - 3 potions of ambrosia
 C - 2 potions of cancellation {unknown}
 D - 2 potions of flight {unknown}
 E - 3 potions of berserk rage {unknown}
 G - a potion of magic {unknown}
 M - a potion of resistance {unknown}
Books
 X - a book of the Earth

   Spells                             Type                      Level
   a - Leda's Liquefaction            Hexes/Earth                  4
   b - Bolt of Magma                  Conjuration/Fire/Earth       5
   c - Statue Form                    Transmutation/Earth          6
   d - Iron Shot                      Conjuration/Earth            6
   e - Shatter                        Earth                        9
Comestibles
 b - 6 bread rations
 c - a beef jerky
 l - 2 royal jellies
 t - 5 meat rations
 O - a slice of pizza


   Skills:
 + Level 9.1 Fighting
 - Level 6.6 Dodging
 - Level 1.0 Stealth
 - Level 11.2 Unarmed Combat


You had 9 spell levels left.
You didn't know any spells.

Dungeon Overview and Level Annotations

Branches:
Dungeon (10/15)            Temple (1/1) D:7             Orc (0/2) D:10
   Lair: D:8-11

Altars:
Ashenzari
Cheibriados
Dithmenos
Elyvilon
Fedhas
Gozag
Hepliaklqana
Kikubaaqudgha
Makhleb
Nemelex Xobeh
Okawaru
Qazlal
Ru
Sif Muna
Trog
Uskayaw
Vehumet
Xom
Yredelemnul
Zin
The Shining One

Shops:
D:6 %   D:7 %}   D:9 =


Innate Abilities, Weirdness & Mutations

You are too large for most types of armour.
You have claws for hands.
Your metabolism is lightning-fast.
You like to eat raw meat.
Your natural rate of healing is unusually fast.
You are covered in fur. (AC +1)
You have very tough skin. (AC +2)
Your life essence is reduced. (-10% HP)


Message History

The puff of frost hits the orc warrior.
The orc warrior throws a tomahawk.
The tomahawk hits Growf!
Growf hits the orc warrior with a quarterstaff.
Okay, then.
The orc warrior throws a tomahawk.
The tomahawk closely misses Growf.
The tomahawk hits you!
* * * LOW HITPOINT WARNING * * *
Growf hits the orc warrior but does no damage.
You see here a tomahawk.
The orc warrior throws a tomahawk.
The tomahawk closely misses Growf.
The tomahawk barely misses the hill giant.
The tomahawk hits you.
* * * LOW HITPOINT WARNING * * *
You see here a tomahawk.
Growf hits the orc warrior with a quarterstaff.
The orc warrior hits Growf with a glaive!
Growf is recalled.
Growf hits the hill giant with a quarterstaff!
The hill giant hits you with a giant spiked club!
You die...

#.............# #..
#.##.##.####### #.#
#.##.##.# #.# ###
#.......# #######.#
...# #.##.##.#
#.....#.# ######$...
#.##.##.#
#.....#.###.#.....8.
#.......#
#.......((..#.......
####.##.##
#....RC####..(......
#R#R#.###.†..@.#
#.)8....>.
#..###......##.#
#..)......
###.#.###.####.#
#.#....... #.# #.#
#.# #.#.....8. #.#
... ..# #.####.... #
. #.### #.# #.# ##.#
.... ... #.# # .#.
.#. ..# .#. . .


You could see the friendly Growf the battlemage and a hill giant.

Vanquished Creatures
  Erica (D:8)
  Prince Ribbit (D:5)
  A two-headed ogre (D:9)
  Sigmund (D:5)
  Edmund (D:5)
  Duvessa (D:4)
  3 ice beasts
  3 orc warriors
  3 ogres
  A necrophage (D:6)
  A phantom (D:4)
  3 sky beasts
  2 centaurs
  5 bullfrogs
  Dowan (D:4)
  3 scorpions
  5 wights (D:8)
  A bullfrog zombie (D:9)
  A quasit (D:9)
  A jelly (D:7)
  2 hounds
  5 orc priests
  7 orc wizards
  2 iguanas
  4 worker ants
  A hound skeleton (D:5)
  5 mummies (Ossuary)
  A howler monkey skeleton (D:9)
  8 gnolls (D:4)
  10 adders
  A shadow imp (D:8)
  5 oozes
  An adder skeleton (D:7)
  2 worms
  8 leopard geckos
  40 orcs
  10 giant cockroaches
  2 goblins
  5 hobgoblins
  4 quokkas
  4 ball pythons
  8 bats
  15 frilled lizards
  3 hobgoblin zombies (Ossuary)
  11 kobolds
  2 kobold zombies (Ossuary)
  A quokka skeleton (D:8)
  9 rats
215 creatures vanquished.

Vanquished Creatures (collateral kills)
  A black bear (D:7)
  2 orc warriors
  A sky beast (D:8)
  A black bear (shapeshifter) (D:8)
  A phantom (D:9)
  A centaur (D:9)
  A bullfrog (D:8)
  3 orc wizards
  3 mummies (Ossuary)
  An adder (D:9)
  2 orcs
  A hobgoblin zombie (Ossuary)
  2 orc zombies (Ossuary)
20 creatures vanquished.

Vanquished Creatures (others)
  A frilled lizard (D:3)
1 creature vanquished.

Grand Total: 236 creatures vanquished

Notes
Turn   | Place    | Note
-------+----------+-------------------------------------------
     0 | D:1      | Garfong the Troll Monk began the quest for the Orb.
     0 | D:1      | Reached XP level 1. HP: 22/22 MP: 0/0
   247 | D:1      | Reached XP level 2. HP: 29/29 MP: 1/1
  1046 | D:2      | Reached skill level 4 in Unarmed Combat
  1103 | D:2      | Reached XP level 3. HP: 35/36 MP: 2/2
  1508 | D:2      | Reached skill level 8 in Unarmed Combat
  1508 | D:2      | Reached XP level 4. HP: 44/44 MP: 3/3
  1762 | D:2      | Reached XP level 5. HP: 50/50 MP: 4/4
  2030 | D:3      | Reached skill level 9 in Unarmed Combat
  2730 | D:4      | Noticed an ice beast
  2738 | D:4      | Killed an ice beast
  2738 | D:4      | Reached XP level 6. HP: 29/59 MP: 5/5
  2891 | D:4      | Noticed Dowan
  2893 | D:4      | Noticed Duvessa
  2899 | D:4      | Killed Duvessa
  2910 | D:4      | Killed Dowan
  3040 | D:4      | Reached XP level 7. HP: 57/66 MP: 6/6
  3097 | D:4      | Reached skill level 10 in Unarmed Combat
  3719 | D:5      | Entered Level 5 of the Dungeon
  3880 | D:5      | Noticed Edmund
  3895 | D:5      | Killed Edmund
  3895 | D:5      | Reached XP level 8. HP: 70/74 MP: 7/7
  3928 | D:5      | Noticed Prince Ribbit
  3957 | D:5      | Killed Prince Ribbit
  3957 | D:5      | Reached skill level 11 in Unarmed Combat
  4306 | D:5      | Noticed Sigmund
  4331 | D:5      | Killed Sigmund
  4347 | D:5      | Got a fine rapier
  4724 | D:6      | Reached XP level 9. HP: 85/85 MP: 8/8
  4821 | D:6      | Found Qocrazu's Food Shoppe.
  4860 | D:6      | Reached skill level 5 in Fighting
  5136 | D:7      | Found a staircase to the Ecumenical Temple.
  5143 | Temple   | Entered the Ecumenical Temple
  5260 | Temple   | Became a worshipper of Hepliaklqana the Forgotten
  5260 | Temple   | Reached * piety under Hepliaklqana
  5260 | Temple   | Reached ** piety under Hepliaklqana
  5302 | D:7      | Remembered your ancestor Growf as a battlemage
  5474 | D:7      | Found Ruaxkeoz's Gadget Shop.
  5712 | D:7      | Found Nublim's Food Shoppe.
  5967 | D:8      | Found a sand-covered staircase.
  5980 | Ossuary  | Entered an ossuary
  6181 | D:8      | Noticed Erica
  6193 | D:8      | Killed Erica
  6423 | D:8      | Reached XP level 10. HP: 91/91 MP: 9/9
  6883 | D:9      | Reached *** piety under Hepliaklqana
  6949 | D:9      | Found Esesaluz's Jewellery Shop.
  6960 | D:9      | Bought the ring of Caonarcho {rPois Int+4} for 566 gold pieces
  7751 | D:10     | Entered Level 10 of the Dungeon
  7798 | D:10     | Found a staircase to the Orcish Mines.
  7802 | D:10     | Noticed a hill giant
  7817 | D:10     | Slain by a hill giant

Skill      XL: |  1  2  3  4  5  6  7  8  9 10 |
---------------+-------------------------------+-----
Unarmed Combat | 4 8 9 10 11 | 11.2
Dodging        | 6 |  6.6
Fighting       | 4 7 9 |  9.1
Stealth        | |  1.0

Action                   |  1- 3 |  4- 6 |  7- 9 | 10-12 || total
-------------------------+-------+-------+-------+-------++-------
Melee: Unarmed           |    73 |   119 |   302 |    82 ||   576
       Punch             |     4 |     4 |    16 |     3 ||    27
Invok: Recall Ancestor   |       |       |     1 |     1 ||     2
       Ancestor Life: Ba |       |       |     1 |       ||     1
       Ancestor Identity |       |       |     1 |       ||     1
  Use: Scroll            |     3 |     4 |     6 |     1 ||    14
       Potion            |     1 |       |     1 |       ||     2
 Stab: Sleeping          |     1 |     3 |     8 |     6 ||    18
       Distracted        |       |       |     1 |     2 ||     3
  Eat: Chunk             |    19 |    14 |    30 |    12 ||    75
Armor: Robe              |    23 |    17 |    38 |     9 ||    87
Dodge: Dodged            |    35 |    45 |   119 |    34 ||   233
Block: Other             |       |       |     1 |    16 ||    17
       Reflection        |       |       |       |     1 ||     1
